 Dungeon Crawl Stone Soup version 0.28-a0-909-g796cbd3a86 (webtiles) character file.

Game seed: 11906870378192670220

1006 timneilson the Covered (level 8, -8/48 HPs)
             Began as a Gargoyle Fighter on Nov 24, 2021.
             Mangled by an ogre (17 damage)
             ... on level 5 of the Dungeon.
             The game lasted 00:08:21 (4698 turns).

timneilson the Covered (Gargoyle Fighter)           Turns: 4698, Time: 00:08:22

Health: -8/48      AC: 15    Str: 22    XL:     8   Next: 20%
Magic:  8/8        EV: 10    Int:  9    God:
Gold:   294        SH:  5    Dex:  9    Spells: 7/7 levels left

rFire   . . .      SeeInvis .   a - +1 long sword
rCold   . . .      Faith    .   c - +0 buckler
rNeg    + . .      Spirit   .   b - +0 scale mail
rPois   ∞          Reflect  .   j - +0 helmet
rElec   +          Harm     .   (no cloak)
rCorr   .          Rampage  .   (no gloves)
Will    .....                   e - +0 pair of boots
Stlth   ..........              (no amulet)
HPRegen 0.16/turn               (no ring)
MPRegen 0.11/turn               (no ring)

@: no status effects
A: sickness immunity, AC +5, negative energy resistance 1, electricity
resistance, torment resistance 1, petrification resistance
a: no special abilities


You were on level 5 of the Dungeon.
You visited 1 branch of the dungeon, and saw 5 of its levels.

You collected 294 gold pieces.

Inventory:

Hand Weapons
 a - a +1 long sword (weapon)
Armour
 b - a +0 scale mail (worn)
 c - a +0 buckler (worn)
 e - a +0 pair of boots (worn)
 j - a +0 helmet (worn)
Wands
 h - a wand of charming (4)
Scrolls
 k - a scroll of enchant weapon
 m - a scroll of identify {unknown}
Potions
 d - 2 potions of degeneration {unknown}
 f - a potion of brilliance {unknown}
 g - a potion of mutation {unknown}
 i - a potion of berserk rage {unknown}
 l - 2 potions of curing {unknown}


   Skills:
 + Level 4.7 Fighting
 * Level 4.5 Long Blades
 * Level 6.1 Armour
 + Level 2.2 Dodging
 * Level 6.0 Shields


You had 7 spell levels left.
You didn't know any spells.
Your spell library contained the following spells:

 Spells                   Type           Power      Damage    Failure   Level
 Call Canine Familiar     Summ           0%         N/A       96%         3
 Portal Projectile        Hex/Tloc       0%         N/A       96%         3
 Leda's Liquefaction      Hex/Erth       0%         N/A       100%        4


Dungeon Overview and Level Annotations

Branches:
Dungeon (5/15)
 Temple: D:4-7

Altars:


Innate Abilities, Weirdness & Mutations

You are immune to sickness and miasma.
Your stone body is resilient. (AC +5)
You are immune to poison.
You resist negative energy. (rN+)
You are resistant to electric shocks. (rElec)
You are resistant to unholy torment.
You are immune to petrification.


Message History

You climb downwards.
There is a stone staircase leading up here.
Found 13 poisoned darts.
Found a short sword.
You see here 13 poisoned darts.
Found a scroll labelled MAAROO HAILEI.
l - 2 purple potions (gained 1)
Found 19 bolts.
m - a scroll labelled MAAROO HAILEI An iguana comes into view.
The iguana hisses angrily.
The iguana moves out of view.
You barely miss the iguana.
The iguana bites you but does no damage.
You hit the iguana.
The iguana is moderately wounded.
The iguana bites you but does no damage.
You hit the iguana.
The iguana is severely wounded.
The iguana barely misses you.
You slash the iguana!
You kill the iguana!
Found a blackened flail.
You see here the +0 flail "Vekem" {freeze, Fragile rElec Str+3}.
You see here the +0 flail "Vekem" {freeze, Fragile rElec Str+3}.
Found a stone staircase leading up.
You now have 294 gold pieces (gained 15).
An ogre comes into view. It is wielding a +0 giant spiked club.
The ogre hits you with a +0 giant spiked club!!
You hit the ogre.
The ogre is lightly wounded.
The ogre hits you with a +0 giant spiked club!!
* * * LOW HITPOINT WARNING * * *
You barely miss the ogre.
The ogre is lightly wounded.
You block the ogre's attack.
You hit the ogre but do no damage.
The ogre is lightly wounded.
The ogre hits you with a +0 giant spiked club!
You die...

..# #.....
...###....#
....#.....#
##.........#
#..........
#.........#
#.......O.#
#......=@#
#........#
#........#
#........##
#.........#
##........#
#...#....##
#...###....##
#... #...#.##


You could see an ogre.

Vanquished Creatures
  Grinder (D:3)
  Sigmund (D:4)
  Edmund (D:4)
  Duvessa (D:3)
  A scorpion (D:4)
  Dowan (D:3)
  A howler monkey (D:4)
  A hound (D:4)
  A bullfrog skeleton (D:4)
  3 iguanas
  An orc wizard (D:3)
  Robin (D:4)
  3 adders
  A worm (D:3)
  A dart slug (D:4)
  2 orcs (D:3)
  7 endoplasms
  4 giant cockroaches
  13 goblins
  7 hobgoblins
  3 jackals (D:2)
  3 kobolds
  4 quokkas
  8 ball pythons
  5 bats
  4 frilled lizards
  7 rats
  A bush (D:1)
87 creatures vanquished.

Vanquished Creatures (others)
  2 plants (D:1)
2 creatures vanquished.

Grand Total: 89 creatures vanquished

Notes
Turn   | Place    | Note
-------+----------+-------------------------------------------
     0 | D:1      | timneilson the Gargoyle Fighter began the quest for the
                  | Orb.
     0 | D:1      | Reached XP level 1. HP: 14/14 MP: 1/1
   288 | D:1      | Found a faded altar of an unknown god.
   316 | D:1      | Reached XP level 2. HP: 19/19 MP: 2/2
  1204 | D:2      | Reached XP level 3. HP: 19/23 MP: 3/3
  2042 | D:3      | Reached XP level 4. HP: 13/28 MP: 4/4
  2603 | D:3      | Noticed Grinder
  2614 | D:3      | Killed Grinder
  2615 | D:3      | Reached skill level 1 in Dodging
  2615 | D:3      | Reached XP level 5. HP: 29/33 MP: 5/5
  2615 | D:3      | Reached XP level 6. HP: 33/38 MP: 6/6
  3084 | D:4      | Noticed Sigmund
  3095 | D:4      | Killed Sigmund
  3096 | D:4      | Reached skill level 5 in Armour
  3096 | D:4      | Reached skill level 5 in Shields
  3096 | D:4      | Reached XP level 7. HP: 20/43 MP: 7/7
  3302 | D:4      | Noticed Edmund
  3387 | D:4      | Noticed Robin
  3387 | D:4      | Noticed Duvessa
  3387 | D:4      | Noticed Dowan
  3485 | D:3      | Killed Duvessa
  3499 | D:3      | Killed Dowan
  3775 | D:4      | Killed Robin
  3913 | D:4      | Killed Edmund
  3914 | D:4      | Reached XP level 8. HP: 48/48 MP: 8/8
  4437 | D:5      | Entered Level 5 of the Dungeon
  4560 | D:5      | Identified the +0 flail "Vekem" {freeze, Fragile rElec
                  | Str+3}
  4698 | D:5      | Mangled by an ogre

Illustrated notes

Levels and vault maps discovered:
D:1:      amcnicky_arrival_gap_in_the_tavern_cellar, layout_loops_ring,
          shapermc_ecumenical_altar_starsandcircs, serial_forest,
          infiniplex_forest_clump_tiny, infiniplex_forest_lined_2,
          infiniplex_forest_end_double, infiniplex_forest_clump_small,
          infiniplex_forest_lined_ring, infiniplex_forest_end_2,
          minmay_misc_feat_square, minmay_close_crescents
D:2:      layout_basic
D:3:      layout_basic, uniq_grinder
D:4:      layout_loops_ring, uniq_sigmund, uniq_edmund, uniq_robin, uniq_duvessa
D:5:      minmay_evil_eye, layout_layer_cave, hangedman_abyss_or_decor_passed,
          uniq_crazy_yiuf_cottage

Skill      XL: |  1  2  3  4  5  6  7  8 |
---------------+-------------------------+-----
Long Blades    | 2 3 4 |  4.5
Armour         | 4 5 6 |  6.1
Shields        | 4 5 6 |  6.0
Dodging        | 1 2 |  2.2
Fighting       | 4 |  4.7

Action                   |  1- 3 |  4- 6 |  7- 9 || total
-------------------------+-------+-------+-------++-------
Melee: Long sword        |   194 |    60 |   125 ||   379
  Use: Scroll            |     1 |     2 |       ||     3
       Potion            |       |     2 |     3 ||     5
Armor: Scale mail        |    88 |    26 |    61 ||   175
Dodge: Dodged            |    71 |    27 |    89 ||   187
Block: Buckler           |    35 |     7 |    25 ||    67

Table legend: (Time is in decaauts)
 A = Elapsed time spent in this place.
 B = Non-inter-level travel time spent in this place.
 C = Inter-level travel time spent in this place.
 D = Time resting spent in this place.
 E = Time spent auto-exploring this place.
 F = Levels seen in this place.
 G = Mean time per level.
                   A        B        C        D        E       F      G
               +--------+--------+--------+--------+--------+-----+--------+
         Total |   4800 |   4676 |    124 |    311 |   3400 |   5 |  960.0 |
       Dungeon |   4800 |   4676 |    124 |    311 |   3400 |   5 |  960.0 |
               +--------+--------+--------+--------+--------+-----+--------+

Top non-repeatable levels by time:
     D:3: 1554 daAuts
     D:1: 1223 daAuts
     D:4: 950 daAuts
     D:2: 810 daAuts
     D:5: 261 daAuts
